 Dungeon Crawl Stone Soup version 0.28.0-45-g0d030f2227 (webtiles) character file.

Game seed: 5677449480046522028

261967 azzeron2000 the Protected (level 19, -3/152 HPs)
             Began as a Demonspawn Ice Elementalist on May 23, 2022.
             Was a High Priest of Ashenzari.
             Killed from afar by a storm dragon (8 damage)
             ... with a bolt of lightning
             ... on level 2 of the Vaults.
             The game lasted 02:28:19 (42684 turns).

azzeron2000 the Protected (DsIE)                   Turns: 42684, Time: 02:28:20

Health: -3/152     AC: 28    Str: 21    XL:     19   Next: 59%
Magic:  6/36       EV: 32    Int: 31    God:    Ashenzari [*****.]
Gold:   604        SH: 13    Dex: 26    Spells: 6/44 levels left

rFire   + . .      SeeInvis +   a - +6 falchion "Perceptive Visionary" {vamp, rPois rC- Int+2 Dex+4, Fort, Cun} (curse)
rCold   + + +      Faith    .   P - +0 kite shield of the Visionary Secrets {reflect, Bglg, Range} (curse)
rNeg    . . .      Spirit   .   B - +7 ice dragon scales
rPois   +          Reflect  +   C - +0 helmet "Sibylline Affliction" {Str+2 Slay+3, Bglg, Elem} (curse)
rElec   +          Harm     .   S - scarf of the Gnostic Nihilism {rC+ rF+, Alch, Elem} (curse)
rCorr   +          Rampage  .   F - +0 pair of gloves "Thunder Perfect Mind" {Bglg, Comp} (curse)
Will    ++...      Clarity  +   (boots unavailable)
Stlth   ++........              c - amulet "Gaze Upon Infinity" {Acrobat Will+ Str+4, Cun, Elem} (curse)
HPRegen 0.35/turn               g - ring "Icoech" {Fly rPois Int+3 Dex+4}
MPRegen 0.25/turn               M - ring "Astral Mistrust" {rC+ Str+2 Int+6 Dex+4, Self, Elem} (curse)

@: about to teleport, resistant, acrobatic, flying
A: hooves 3, demonic guardian 2, ignite blood 2, sharp scales 3, bedeviling
}: 1/15 runes: gossamer
a: Renounce Religion, Shatter the Chains


You were on level 2 of the Vaults.
You worshipped Ashenzari.
Ashenzari was extremely pleased with you.
You visited 5 branches of the dungeon, and saw 29 of its levels.
You also visited: Ice Cave.

You collected 3135 gold pieces.
You spent 2531 gold pieces at shops.

Inventory:

Hand Weapons
 a - the cursed +6 falchion "Perceptive Visionary" (weapon) {vamp, rPois rC- Int+2 Dex+4, Fort, Cun}
   (You bought it in a shop on level 2 of the Orcish Mines)

   It occasionally heals its wielder for a portion of the damage dealt when it
   wounds a living foe.
   Int:       It affects your intelligence (+2).
   Dex:       It affects your dexterity (+4).
   rC:        It makes you vulnerable to cold.
   rPois:     It protects you from poison.
   It has a curse which improves the following skills: Fortitude: Armour and
   Shields.
   Cunning:   Dodging and Stealth.
 O - a +0 scimitar
Missiles
 I - 3 throwing nets
 Y - 3 curare-tipped darts
Armour
 B - +7 ice dragon scales (worn)
 C - the cursed +0 helmet "Sibylline Affliction" (worn) {Str+2 Slay+3, Bglg, Elem}
   (You took it off Robin on level 4 of the Dungeon)

   Str:       It affects your strength (+2).
   Slay:      It affects your accuracy & damage with ranged weapons and melee
   (+3).
   It has a curse which improves the following skills: Beguiling: Conjurations,
   Hexes and Translocations.
   Elements:  Fire Magic, Ice Magic, Air Magic and Earth Magic.
 E - a +0 pair of gloves
 F - the cursed +0 pair of gloves "Thunder Perfect Mind" (worn) {Bglg, Comp}
   (You found it on level 9 of the Dungeon)

   It has a curse which improves the following skills: Beguiling: Conjurations,
   Hexes and Translocations.
   Companions: Summonings and Necromancy.
 P - the cursed +0 kite shield of the Visionary Secrets (worn) {reflect, Bglg, Range}
   (You took it off Donald on level 1 of the Vaults)

   It has a curse which improves the following skills: Beguiling: Conjurations,
   Hexes and Translocations.
   Ranged Combat: Slings, Bows, Crossbows and Throwing.
 S - the cursed scarf of the Gnostic Nihilism (worn) {rC+ rF+, Alch, Elem}
   (You bought it in a shop on level 2 of the Orcish Mines)

   It has a curse which improves the following skills: Alchemy: Poison Magic and
   Transmutations.
   Elements:  Fire Magic, Ice Magic, Air Magic and Earth Magic.
Jewellery
 c - the cursed amulet "Gaze Upon Infinity" (around neck) {Acrobat Will+ Str+4, Cun, Elem}
   (You bought it in a shop on level 2 of the Orcish Mines)

   [amulet of the acrobat]

   It increases your evasion while moving and waiting.
   Str:       It affects your strength (+4).
   Will:      It increases your willpower.
   It has a curse which improves the following skills: Cunning: Dodging and
   Stealth.
   Elements:  Fire Magic, Ice Magic, Air Magic and Earth Magic.
 g - the ring "Icoech" (left hand) {Fly rPois Int+3 Dex+4}
   (You bought it in a shop on level 2 of the Orcish Mines)

   [ring of poison resistance]

   Int:       It affects your intelligence (+3).
   Dex:       It affects your dexterity (+4).
   rPois:     It protects you from poison.
   Fly:       It grants you flight.
 h - an amulet of guardian spirit
 i - a ring of positive energy
 q - a +4 ring of slaying
 M - the cursed ring "Astral Mistrust" (right hand) {rC+ Str+2 Int+6 Dex+4, Self, Elem}
   (You acquired it on level 11 of the Dungeon)

   [ring of intelligence]

   Str:       It affects your strength (+2).
   Int:       It affects your intelligence (+6).
   Dex:       It affects your dexterity (+4).
   rC:        It protects you from cold.
   It has a curse which improves the following skills: Introspection: Fighting
   and Spellcasting.
   Elements:  Fire Magic, Ice Magic, Air Magic and Earth Magic.
Wands
 f - a wand of digging (6)
 r - a wand of polymorph (8)
 t - a wand of paralysis (24)
 y - a wand of acid (14)
 L - a wand of iceblast (23)
 Q - a wand of flame (46)
Scrolls
 m - 4 scrolls of summoning
 o - 7 scrolls of teleportation
 s - 6 scrolls of fog
 u - 2 scrolls of blinking
 x - 2 scrolls of silence
 H - 6 scrolls of vulnerability
 J - 6 scrolls of immolation
 N - 3 scrolls of magic mapping
 W - 3 scrolls of fear
Potions
 b - 4 potions of resistance
 d - 8 potions of brilliance
 e - 3 potions of berserk rage
 j - 5 potions of magic
 l - 7 potions of flight
 n - 14 potions of curing
 p - 4 potions of might
 v - 4 potions of ambrosia
 w - a potion of invisibility
 z - 6 potions of lignification
 A - 5 potions of heal wounds
 D - 4 potions of attraction
 G - a potion of haste
 K - 3 potions of mutation


   Skills:
 - Level 11.8(14.1) Fighting
 - Level 11.7 Long Blades
 - Level 12.2(14.5) Armour
 - Level 7.4(10.9) Dodging
 - Level 1.7(4.1) Stealth
 + Level 6.1(8.4) Shields
 - Level 10.8(13.1) Spellcasting
 - Level 10.9(15.4) Conjurations
 * Level 8.5(13.0) Hexes
 - Level 6.0(10.4) Translocations
 - Level 5.7(8.0) Transmutations
 - Level 10.2(15.6) Ice Magic
 + Level 3.4(8.0) Air Magic
 - Level 8.5(14.0) Earth Magic
 - Level 6.0 Evocations


You had 6 spell levels left.
You knew the following spells:

 Your Spells              Type           Power      Damage    Failure   Level
a - Freeze                Ice            100%       1d11      1%          1
b - Frozen Ramparts       Ice            100%       1d12      1%          3
c - Ozocubu's Armour      Ice            87%        N/A       1%          3
d - Hailstorm             Conj/Ice       86%        3d17      1%          4
e - Iskenderun's Mystic   Conj/Tloc      79%        2d16      1%          4
f - Lee's Rapid Deconstr  Erth           41%        3d21*     1%          5
g - Cause Fear            Hex            50%        N/A       1%          4
h - Irradiate             Conj/Tmut      37%        3d26      3%          5
i - Petrify               Tmut/Erth      73%        N/A       1%          4
j - Freezing Cloud        Conj/Ice/Air   39%        6-21      1%          5

Your spell library contained the following spells:

 Spells                   Type           Power      Damage    Failure   Level
 Mephitic Cloud           Conj/Pois/Air  62%        N/A       1%          3
 Portal Projectile        Hex/Tloc       100%       N/A       1%          3
 Fulminant Prism          Conj/Hex       52%        3d23      1%          4
 Leda's Liquefaction      Hex/Erth       51%        N/A       1%          4
 Sting                    Tmut/Pois      100%       1d8       2%          1
 Inner Flame              Hex/Fire       76%        N/A       2%          3
 Poisonous Vapours        Pois/Air       92%        N/A       3%          2
 Summon Ice Beast         Ice/Summ       63%        N/A       4%          4
 Animate Skeleton         Necr           44%        N/A       12%         1
 Pain                     Necr           88%        1d8       12%         1
 Ignite Poison            Fire/Tmut/Pois 39%        N/A       12%         3
 Sublimation of Blood     Necr           22%        N/A       19%         2
 Summon Lightning Spire   Summ/Air       46%        N/A       24%         4
 Call Canine Familiar     Summ           22%        N/A       36%         3
 Vampiric Draining        Necr           22%        2d7       36%         3
 Olgreb's Toxic Radiance  Pois           22%        N/A       77%         4
 Dragon Form              Tmut           31%        N/A       99%         7
 Discord                  Hex            50%        N/A       99%         8
 Dragon's Call            Summ           11%        N/A       100%        9


Dungeon Overview and Level Annotations

Branches:
Dungeon (15/15)            Temple (0/1) D:6            Lair (6/6) D:8
 Shoals (0/4) Lair:4       Spider (4/4) Lair:2        Slime (0/5) Lair:6
    Orc (2/2) D:9             Elf (0/3) Orc:2        Vaults (2/5) D:14
 Depths (0/4) D:15          IceCv (visited)
  Crypt: Vaults:2-3

Altars:
Ashenzari
Cheibriados
Elyvilon
Fedhas
Gozag
Makhleb
Okawaru
Ru
Sif Muna
Trog
Uskayaw
Vehumet
Yredelemnul
Zin
The Shining One
Beogh
Jiyva

Shops:
D:3 *   D:4 !   D:7 ?   D:14 !   D:15 (   Orc:2 ?*(=   Vaults:1 *!   Vaults:2 =

Annotations:
D:8 exclusion: door
Lair:6 exclusion: obsidian statue


Innate Abilities, Weirdness & Mutations

You have hooves in place of feet.
A demonic guardian rushes to your aid.
Your demonic aura often causes spilled blood to erupt in flames.
You are completely covered in razor-sharp scales. (AC +3, Slay +3)
Your hexes are more powerful.


Message History

You hold your ground!
Your smoke demon gestures at the sphinx simulacrum.
The sticky flame hits the sphinx simulacrum!
The sphinx simulacrum melts!
The sphinx simulacrum is covered in liquid flames!
You hear a sizzling sound!
Okay, then.
Blink to where?
Press: ? - help, Dir - move target, p - vault warden Your icy armour will break if you move.
Continue?
Your icy armour cracks and falls away as you move.
As you read the scroll of blinking, it crumbles to dust.
The sphinx simulacrum burns!
The sphinx simulacrum hits your smoke demon!
The sphinx simulacrum freezes your smoke demon!!!
Your smoke demon dies!
Your smoke demon disappears in a puff of smoke!
The vault warden is engulfed in freezing vapours.
The vault warden activates a sealing rune.
The storm dragon is engulfed in freezing vapours.
The storm dragon breathes lightning at you.
The bolt of lightning hits you!!
* * * LOW HITPOINT WARNING * * *
You feel protected.
The sphinx simulacrum burns!
The sphinx simulacrum vaporises!
The tengu reaver is engulfed in freezing vapours.
You kill the tengu reaver!
The storm dragon is engulfed in freezing vapours.
The vault warden is engulfed in freezing vapours. x2
Okay, then.
As you read the scroll of teleportation, it crumbles to dust.
You feel strangely unstable.
The storm dragon is engulfed in freezing vapours.
The vault warden is engulfed in freezing vapours.
You kill the vault warden!
The runic seals fade away.
The storm dragon breathes lightning at you.
The bolt of lightning hits you! You resist.
You die...

,', * ** * * **#... ,,+ ∆ * #...
*∆∆∆ #... .###..####### #...
##.##g############# ####...
#...####§§#################..#...
.....###§§.Z...#######.......#...
..(..)S'§§§.p.....+..........'...
.....))#°.§D....@.+..........####
.....###.......#######.......####
#...####..########## ######..# #
##.##.############## #### #
####..# # #..'.. # , , # , #####
# , *{ ################# #


You could see a storm dragon (catching breath), a vault warden and a stone giant
simulacrum.

Vanquished Creatures
  Nikola (Spider:2)
  2 sphinxes
  Agnes (Spider:2)
  A tengu reaver (Vaults:2)
  Donald (Vaults:1)
  6 emperor scorpions (Spider:4)
  4 ghost moths (Spider:4)
  3 vault wardens
  2 angels
  8 ironbound preservers
  A stone giant (Vaults:2)
  3 broodmothers
  2 ironbound thunderhulks (Vaults:2)
  5 entropy weavers
  9 dire elephants
  A spark wasp (Spider:1)
  Snorg (D:11)
  4 yaktaur captains
  9 vault guards
  Fannar (Lair:3)
  Harold (D:9)
  Erolcha (Orc:1)
  4 ogre magi
  4 boulder beetles
  13 hydras
  An ice dragon (Vaults:2)
  2 ironbound frosthearts
  A radroach (Spider:4)
  8 centaur warriors
  2 jorogumos (Spider:2)
  An alligator (Lair:6)
  15 two-headed ogres
  A spectral dire elephant (Lair:6)
  4 death yaks (Lair:5)
  4 tengu warriors (D:15)
  Sonja (Lair:3)
  Nergalle (D:12)
  2 sun moths
  A spectral death yak (Lair:6)
  4 pharaoh ants
  7 steelbarb worms
  14 deep trolls
  2 bog bodies (IceCv)
  9 orb spiders
  2 lindwurms (Vaults:1)
  Pikel (D:4)
  3 orc knights
  4 ironbound convokers (Vaults:1)
  A deep elf pyromancer (D:12)
  5 necromancers
  4 cyclopes
  11 wolf spiders
  An oklob plant (Lair:6)
  2 manticores
  27 ugly things
  Maurice (D:11)
  11 elephants
  3 moths of wrath
  4 black mambas
  An ice statue (IceCv)
  2 torpor snails
  2 vault sentinels
  Joseph (D:8)
  4 gargoyles
  10 cane toads
  An unseen horror (D:13)
  2 ice devils (D:13)
  An elf skeleton (Vaults:1)
  2 rime drakes
  4 komodo dragons
  A freezing wraith (IceCv)
  4 yaktaurs (Vaults:1)
  Psyche (D:8)
  9 demonic crawlers
  A tengu conjurer (D:13)
  3 kobold demonologists
  A human skeleton (Vaults:1)
  An anaconda simulacrum (IceCv)
  16 trolls
  3 polar bears
  Prince Ribbit (D:8)
  9 meliai
  16 tarantellas
  3 spectral elephants (Lair:6)
  A wolf spider simulacrum (D:15)
  Grinder (D:3)
  9 blink frogs
  A dream sheep (Lair:6)
  9 jumping spiders
  11 slime creatures
  A shadow (D:12)
  18 culicivoras
  22 yaks
  A vampire (D:11)
  2 wyverns
  A wraith (D:12)
  3 basilisks
  A human (D:5)
  41 redbacks
  8 steam dragons
  5 vampire mosquitoes
  3 death yak simulacra (Lair:6)
  A human zombie (Vaults:1)
  4 wargs
  2 harpy simulacra (IceCv)
  A spectral cane toad (Lair:6)
  7 water moccasins
  3 acid dragons
  A meliai simulacrum (D:14)
  4 sky beasts
  3 elephant zombies (Lair:6)
  3 black bears
  A hornet zombie (D:8)
  An ice beast (D:7)
  19 orc warriors
  5 wolves
  A boggart (Vaults:2)
  A necrophage (D:6)
  7 centaurs
  28 ogres
  3 elephant skeletons (Lair:6)
  5 kobold brigands
  4 lemures
  Blork the orc (D:6)
  4 bullfrogs
  A gnoll sergeant (D:9)
  8 two-headed ogre simulacra (IceCv)
  2 scorpions
  3 cane toad simulacra
  2 elephant simulacra (IceCv)
  8 killer bees
  8 wights
  5 howler monkeys
  6 electric eels
  5 centaur zombies
  10 hounds
  3 centaur skeletons
  18 orc priests
  A gnoll shaman (D:7)
  A bullfrog skeleton (D:4)
  9 hell rats
  2 iguanas
  22 orc wizards
  7 troll simulacra (IceCv)
  2 polar bear simulacra (IceCv)
  4 spriggan simulacra (IceCv)
  A wolf simulacrum (IceCv)
  A killer bee zombie (D:7)
  A hound zombie (D:5)
  2 hound skeletons (D:4)
  A howler monkey zombie (D:9)
  Robin (D:4)
  16 gnolls
  8 adders
  7 naga simulacra (IceCv)
  A shadow imp (D:5)
  4 white imps (IceCv)
  6 ufetubi (IceCv)
  3 worms
  3 dart slugs
  65 orcs
  3 endoplasms
  A giant cockroach (D:3)
  15 goblins
  10 hobgoblins
  2 jackals (D:3)
  26 kobolds
  3 quokkas
  15 ball pythons
  4 bats
  2 frilled lizards (D:1)
  A kobold skeleton (D:5)
  7 rats
930 creatures vanquished.

Vanquished Creatures (collateral kills)
  An emperor scorpion (Spider:3)
  An entropy weaver (Spider:3)
  A yaktaur captain (Vaults:1)
  A boulder beetle (Spider:4)
  A hydra (D:15)
  4 two-headed ogres (D:15)
  A spectral anaconda (Lair:6)
  A steelbarb worm (Spider:3)
  An orc knight (Orc:1)
  An ugly thing (D:14)
  2 elephants (Lair:6)
  A moth of wrath (Spider:3)
  2 tarantellas (Spider:2)
  A jumping spider (Spider:3)
  A culicivora (Spider:2)
  A yak (Lair:6)
  3 redbacks
  A spectral cane toad (Lair:6)
  2 orc warriors (Orc:1)
  An elephant skeleton (Lair:6)
  A two-headed ogre simulacrum (IceCv)
  2 electric eels (D:8)
31 creatures vanquished.

Vanquished Creatures (others)
  A very ugly thing (Vaults:2)
  A spectral death yak (Lair:6)
  A wolf spider (Spider:4)
  A wizard (D:4)
  A yaktaur (Vaults:1)
  A dart slug (D:5)
  13 fungi
  42 plants
  28 withered plants (Lair:6)
89 creatures vanquished.

Grand Total: 1050 creatures vanquished

Notes
Turn   | Place    | Note
-------+----------+-------------------------------------------
     0 | D:1      | azzeron2000 the Demonspawn Ice Elementalist began the quest
                  | for the Orb.
     0 | D:1      | Reached XP level 1. HP: 13/13 MP: 3/3
   300 | D:1      | Gained mutation: You are partially covered in razor-sharp
                  | scales. (AC +1, Slay +1) [demonic ancestry]
   300 | D:1      | Reached XP level 2. HP: 19/20 MP: 3/5
   795 | D:1      | Reached skill level 1 in Fighting
   795 | D:1      | Reached XP level 3. HP: 25/26 MP: 1/6
  1110 | D:2      | Learned a level 3 spell: Frozen Ramparts
  1495 | D:2      | Gained mutation: You are mostly covered in razor-sharp
                  | scales. (AC +2, Slay +2) [demonic ancestry]
  1495 | D:2      | Reached XP level 4. HP: 30/32 MP: 3/7
  1559 | D:2      | Learned a level 3 spell: Ozocubu's Armour
  2169 | D:3      | Found Itug's Assorted Antiques.
  2427 | D:3      | Found a burning altar of Makhleb.
  2527 | D:3      | Gained mutation: You have large cloven feet. [demonic
                  | ancestry]
  2527 | D:3      | Reached XP level 5. HP: 23/38 MP: 1/9
  2861 | D:3      | Noticed Grinder
  2887 | D:3      | Killed Grinder
  2888 | D:3      | Reached skill level 5 in Ice Magic
  2888 | D:3      | Reached XP level 6. HP: 5/46 MP: 2/11
  3756 | D:4      | Identified the +0 helmet of Pathos {Str+2 Slay+3}
  3756 | D:4      | Noticed Robin
  3891 | D:4      | Noticed Pikel
  4030 | D:3      | Learned a level 4 spell: Hailstorm
  4069 | D:4      | Killed Robin
  4396 | D:4      | Found a bloodstained altar of Trog.
  4397 | D:4      | Noticed a wizard
  4402 | D:4      | Killed a wizard
  4511 | D:4      | Reached skill level 1 in Conjurations
  4511 | D:4      | Gained mutation: A weak demonic guardian rushes to your
                  | aid. [demonic ancestry]
  4511 | D:4      | Reached XP level 7. HP: 45/52 MP: 6/12
  4570 | D:4      | Found Vesunt's Distillery.
  4578 | D:4      | Bought a potion of might for 52 gold pieces
  4634 | D:4      | Killed Pikel
  4635 | D:4      | Reached XP level 8. HP: 36/58 MP: 6/14
  5246 | D:5      | Entered Level 5 of the Dungeon
  5495 | D:5      | Found a broken altar of Ashenzari.
  5497 | D:5      | Identified the +2 leather armour of Catatonia {Regen+ Dex+7
                  | Stlth+}
  5514 | D:5      | Became a worshipper of Ashenzari the Shackled
  5688 | D:5      | Found a sacrificial altar of Ru.
  5782 | D:5      | Found a runed translucent door.
  5790 | D:5      | Found a basalt altar of Yredelemnul.
  6142 | D:5      | Reached skill level 5 in Spellcasting
  6170 | D:5      | Reached skill level 5 in Conjurations
  6885 | D:6      | Reached XP level 9. HP: 63/63 MP: 15/17
  6888 | D:6      | Found a staircase to the Ecumenical Temple.
  6903 | D:6      | Noticed Blork the orc
  6910 | D:6      | Killed Blork the orc
  6994 | D:6      | Reached * piety under Ashenzari
  7426 | D:7      | Found Negretelu's Magic Scroll Boutique.
  7439 | D:7      | Reached skill level 1 in Evocations
  7858 | D:7      | Gained mutation: Your demonic aura sometimes causes spilled
                  | blood to erupt in flames. [demonic ancestry]
  7858 | D:7      | Reached XP level 10. HP: 70/70 MP: 12/19
  7987 | D:7      | Found a blossoming altar of Fedhas.
  8006 | D:7      | Reached ** piety under Ashenzari
  8456 | D:8      | Noticed a two-headed ogre
  8463 | D:8      | Killed a two-headed ogre
  8683 | D:8      | Noticed Joseph
  8703 | D:8      | Killed Joseph
  8721 | D:8      | Noticed Psyche
  8740 | D:8      | Killed Psyche
  8845 | D:8      | Reached skill level 1 in Long Blades
  9182 | D:8      | Reached skill level 10 in Ice Magic
  9404 | D:8      | Found a staircase to the Lair.
  9499 | D:8      | Noticed Prince Ribbit
  9525 | D:8      | Killed Prince Ribbit
  9726 | D:8      | Found an opulent altar of Gozag.
 10192 | D:9      | Gained mutation: You are completely covered in razor-sharp
                  | scales. (AC +3, Slay +3) [demonic ancestry]
 10192 | D:9      | Reached XP level 11. HP: 75/75 MP: 16/21
 10607 | D:9      | Reached skill level 5 in Evocations
 10672 | D:9      | Found a staircase to the Orcish Mines.
 10766 | D:9      | Learned a level 4 spell: Iskenderun's Mystic Blast
 11150 | D:9      | Noticed Harold
 11160 | D:9      | Killed Harold
 11161 | D:9      | Reached skill level 1 in Armour
 11291 | D:10     | Entered Level 10 of the Dungeon
 11535 | D:10     | Found a hide-covered altar of Uskayaw.
 11661 | D:10     | Reached skill level 1 in Translocations
 11663 | D:10     | Found an iron altar of Okawaru.
 12359 | D:10     | Found a shimmering blue altar of Sif Muna.
 12362 | D:10     | Found a radiant altar of Vehumet.
 13106 | D:11     | Noticed a four-headed hydra
 13125 | D:11     | Killed a four-headed hydra
 13126 | D:11     | Reached skill level 2 in Armour
 13224 | D:11     | Identified a scroll of acquirement
 13244 | D:11     | Acquired the ring "Vostuva" {rC+ Str+2 Int+6 Dex+4}
 13373 | D:11     | Noticed Maurice
 13658 | D:11     | Noticed Snorg
 13667 | D:11     | Killed Snorg
 13668 | D:11     | Reached skill level 5 in Long Blades
 13677 | D:11     | Killed Maurice
 13678 | D:11     | Reached skill level 5 in Fighting
 14023 | D:12     | Noticed a sixfirhy
 14025 | D:12     | Gained mutation: You have hoof-like feet. [demonic
                  | ancestry]
 14025 | D:12     | Reached XP level 12. HP: 86/86 MP: 15/22
 14227 | D:12     | Reached skill level 3 in Armour
 14663 | D:12     | Noticed a two-headed ogre
 14676 | D:12     | Killed a two-headed ogre
 14947 | D:12     | Noticed a six-headed hydra
 14950 | D:12     | Noticed Nergalle
 14953 | D:12     | Killed Nergalle
 14956 | D:12     | Killed a seven-headed hydra
 14987 | D:12     | Noticed a boulder beetle
 15008 | D:12     | Killed a boulder beetle
 15615 | D:13     | Found a frozen archway.
 15628 | D:13     | Reached skill level 4 in Armour
 15709 | IceCv    | Entered an ice cave
 17055 | IceCv    | Reached skill level 5 in Translocations
 17353 | IceCv    | Identified the +3 plate armour of the Lotus Blossom {Str+3}
 17617 | D:13     | Noticed a centaur warrior
 17630 | D:13     | Killed a centaur warrior
 17791 | D:13     | Noticed a four-headed hydra
 17796 | D:13     | Killed a four-headed hydra
 17797 | D:13     | Reached skill level 5 in Armour
 18255 | D:13     | Reached skill level 1 in Shields
 18349 | D:13     | Gained mutation: A demonic guardian rushes to your aid.
                  | [demonic ancestry]
 18349 | D:13     | Reached XP level 13. HP: 94/94 MP: 16/24
 19315 | Lair:1   | Entered Level 1 of the Lair of Beasts
 20040 | Lair:1   | Reached *** piety under Ashenzari
 21272 | Lair:2   | Found a hole to the Spider Nest.
 21591 | Lair:3   | Noticed Sonja
 21595 | Lair:3   | Killed Sonja
 21596 | Lair:3   | Reached skill level 5 in Shields
 21907 | Lair:3   | Reached **** piety under Ashenzari
 22275 | Lair:3   | Noticed Fannar
 22305 | Lair:3   | Killed Fannar
 23169 | Orc:1    | Entered Level 1 of the Orcish Mines
 23270 | Orc:1    | Noticed Erolcha
 23281 | Orc:1    | Killed Erolcha
 23458 | Orc:1    | Reached skill level 6 in Armour
 24178 | Orc:2    | Entered Level 2 of the Orcish Mines
 24322 | Orc:2    | Found a staircase to the Elven Halls.
 24357 | Orc:2    | Reached ***** piety under Ashenzari
 24511 | Orc:2    | Found Pakaoc's Antique Weapon Boutique.
 24530 | Orc:2    | Reached XP level 14. HP: 116/116 MP: 14/30
 24546 | Orc:2    | Reached skill level 7 in Armour
 25168 | Orc:2    | Found Zadd's Jewellery Boutique.
 25172 | Orc:2    | Found Icvej's General Store.
 25175 | Orc:2    | Bought a glimmering falchion for 280 gold pieces
 25175 | Orc:2    | Identified the +6 falchion of Miehaec {vamp, rPois rC-
                  | Int+2 Dex+4} (You bought it in a shop on level 2 of the
                  | Orcish Mines)
 25180 | Orc:2    | Bought the amulet "Ricust" {Acrobat Will+ Str+4} for 510
                  | gold pieces
 25198 | Orc:2    | Found Koduloy's Magic Scroll Shop.
 25201 | Orc:2    | Bought the ring "Icoech" {Fly rPois Int+3 Dex+4} for 525
                  | gold pieces
 25466 | Orc:2    | Bought a scroll of fog for 24 gold pieces
 25466 | Orc:2    | Bought a potion of curing for 36 gold pieces
 25904 | Lair:4   | Found a staircase to the Shoals.
 26296 | Lair:5   | Reached skill level 8 in Armour
 26387 | Lair:5   | Reached skill level 10 in Long Blades
 27348 | Lair:6   | Entered Level 6 of the Lair of Beasts
 27491 | Lair:6   | Found a staircase to the Slime Pits.
 27491 | Lair:6   | Found a viscous altar of Jiyva.
 27585 | Lair:6   | Identified the +6 spear of the Freezing Fool {drain, Int+4}
 27633 | Lair:6   | Reached skill level 9 in Armour
 28190 | Lair:6   | Gained mutation: Your demonic aura often causes spilled
                  | blood to erupt in flames. [demonic ancestry]
 28190 | Lair:6   | Reached XP level 15. HP: 60/125 MP: 4/31
 28648 | Lair:6   | Reached skill level 10 in Fighting
 29419 | Lair:1   | Reached skill level 10 in Armour
 29419 | Lair:1   | Gained mutation: You have hooves in place of feet. [demonic
                  | ancestry]
 29419 | Lair:1   | Reached XP level 16. HP: 136/136 MP: 32/32
 29857 | D:14     | Reached skill level 5 in Dodging
 29862 | D:14     | Reached skill level 10 in Conjurations
 30006 | D:14     | Found a gate to the Vaults.
 30535 | D:14     | Found Soruruf's Distillery.
 30550 | D:14     | Bought 2 potions of heal wounds for 150 gold pieces
 30550 | D:14     | Bought a potion of invisibility for 120 gold pieces
 30702 | D:15     | Entered Level 15 of the Dungeon
 30722 | D:15     | Found a snail-covered altar of Cheibriados.
 30945 | D:15     | Learned a level 5 spell: Lee's Rapid Deconstruction
 30973 | D:15     | Reached skill level 1 in Earth Magic
 31116 | D:15     | Reached skill level 5 in Earth Magic
 31292 | D:15     | Found a staircase to the Depths.
 31383 | D:15     | Found Arhe's Antique Weapon Shoppe.
 32423 | Spider:1 | Entered Level 1 of the Spider Nest
 32702 | Spider:1 | Gained mutation: Your hexes are more powerful. [demonic
                  | ancestry]
 32702 | Spider:1 | Reached XP level 17. HP: 139/139 MP: 32/32
 32707 | Spider:1 | Learned a level 4 spell: Cause Fear
 33682 | Spider:1 | Reached skill level 1 in Hexes
 33687 | Spider:1 | Identified the Almanac of Flight and the Glacier
 34079 | Spider:2 | Noticed Agnes
 34199 | Spider:2 | Killed Agnes
 34322 | Spider:2 | Noticed Nikola
 34345 | Spider:2 | Killed Nikola
 34501 | Spider:2 | Reached skill level 5 in Hexes
 34568 | Spider:2 | Reached skill level 1 in Transmutations
 36043 | Spider:3 | Learned a level 5 spell: Irradiate
 36055 | Spider:4 | Entered Level 4 of the Spider Nest
 36563 | Spider:4 | Reached skill level 11 in Armour
 37350 | Spider:4 | Learned a level 4 spell: Petrify
 38020 | D:14     | Bought a potion of invisibility for 120 gold pieces
 38020 | D:14     | Bought a potion of invisibility for 120 gold pieces
 38763 | Spider:4 | Reached skill level 12 in Armour
 38763 | Spider:4 | Reached XP level 18. HP: 148/148 MP: 27/34
 38929 | Spider:4 | Got a gossamer rune of Zot
 39352 | Vaults:1 | Entered Level 1 of the Vaults
 39352 | Vaults:1 | Noticed Donald
 39358 | Vaults:1 | Killed Donald
 39359 | Vaults:1 | Reached XP level 19. HP: 154/154 MP: 23/36
 39541 | Vaults:1 | Reached skill level 10 in Spellcasting
 40073 | Orc:2    | Bought a scarf of resistance for 384 gold pieces
 40438 | Vaults:1 | Reached skill level 5 in Transmutations
 41554 | Vaults:1 | Learned a level 5 spell: Freezing Cloud
 41700 | Vaults:1 | Found Peoric's Distillery.
 41708 | Vaults:1 | Bought a potion of heal wounds for 105 gold pieces
 41708 | Vaults:1 | Bought a potion of berserk rage for 105 gold pieces
 41932 | Vaults:1 | Found Vanicwim's General Store.
 42131 | Vaults:2 | Reached skill level 1 in Air Magic
 42309 | Vaults:2 | Found Noophy's Jewellery Shoppe.
 42681 | Vaults:2 | HP: 4/152 [storm dragon/bolt of lightning (24)]
 42684 | Vaults:2 | Killed from afar by a storm dragon

Illustrated notes

Levels and vault maps discovered:
D:1:      lightli_arrival_lavapool, layout_basic, minivault_19
D:2:      layout_basic
D:3:      layout_loops_ring, lemuel_crystal_altar, serial_shops, shop,
          amethyst_killhole, uniq_grinder
D:4:      layout_cave_pools, elyvilon_altar_1, trog_wizard, serial_shops,
          nicolae_shop_trees, uniq_robin, uniq_pikel
D:5:      layout_loops_ring, lemuel_doored_altar, dk_yredelemnul_ordeal,
          mainiacjoe_overflow_boulevard
D:6:      layout_cave_pools, minmay_temple_entry_sparse_star,
          lemuel_old_faithful, uniq_blork_the_orc
D:7:      layout_gridville, lemuel_crystal_altar, serial_shops, shop_scrolls,
          minmay_crystal_water
D:8:      layout_loops_ring, grunt_temple_overflow_gold_and_silver,
          erik_lair_island, kennysheep_flooded_box, minivault_10,
          uniq_prince_ribbit1, uniq_joseph, uniq_psyche
D:9:      layout_roguey, erik_orc_3, serial_bayou_ford_a, uniq_harold
D:10:     layout_layer_cave, nicolae_overflow_squiral,
          okawaru_altar_gauntlet_db, mainiacjoe_overflow_six_doors_small,
          minmay_parallelograms
D:11:     layout_basic, uniq_snorg, uniq_maurice
D:12:     layout_basic, hangedman_misty_isle, uniq_nergalle
D:13:     layout_basic, portal_ice_cave_demonic_guard
D:14:     layout_basic, lightli_vaults_fourway_checkpoint, serial_shops,
          shop_fountains
D:15:     hangedman_depths_entry_try_elsewhere_first, layout_gridville,
          cheibriados_altar_1, serial_shops, nicolae_shop_stone
Lair:1:   layout_chaotic_city, serial_rivers, chequers_serial_rivers_large_a,
          chequers_serial_rivers_large_b, chequers_serial_rivers_marsh,
          chequers_serial_rivers_micro_a, chequers_serial_rivers_micro_a,
          gammafunk_lair_bear_cave, serial_bayou_shore_a
Lair:2:   layout_cave_pods, dummy_spider_entry, chequers_serial_rivers_room_b
Lair:3:   layout_long_grid, uniq_sonja, uniq_fannar
Lair:4:   layout_regular_city, elwin_shoals_entry_rocks, grunt_megastairs_2,
          lemuel_fruit_fields
Lair:5:   layout_regular_city, st_stairs_5, infiniplex_staircase_pool_2
Lair:6:   due_jungle_book, layout_regular_city, slime_altar_1,
          minmay_lair_oklob_bushes, serial_bayou_pond_c, minmay_shattered_shrine
Spider:1: layout_cave_pods
Spider:2: layout_cave_pods, drop_trap, uniq_agnes, uniq_nikola
Spider:3: layout_spider_delve
Spider:4: grunt_spider_rune_circles, einodemon_crawler_minivault
Orc:1:    layout_caves, uniq_erolcha
Orc:2:    st_orc_open, layout_diamond_mine, basic_altar
Vaults:1: portal_desolation_entry_holy_temple, v_misc_24,
          nicolae_vaults_specimen_jars, nicolae_vaults_hallways_thing,
          ontoclasm_vaults_shuriken, hangedman_vaults_snaps, st_smaller_cells,
          nicolae_vaults_diagonal_hallway_7, hangedman_vaults_nodes, v_misc_13,
          vaults_dpeg_encased_lava, ontoclasm_vaults_decontamination,
          layout_vaults_big_room, serial_shops, shop_fountains, shop,
          uniq_donald
Vaults:2: vaults_room_grid, vaults_dpeg_doors, st_greater_box_3,
          nicolae_vaults_theta, v_misc_9, minmay_crypt_entry_simple_round,
          nicolae_vaults_little_squares_3, ontoclasm_vaults_loading_screen,
          nicolae_vaults_big_ls, nicolae_vaults_little_squares_3,
          grunt_vaults_focal, v_misc_26, ontoclasm_vaults_ligature,
          nicolae_vaults_little_squares_1, serial_ice_b, layout_vaults_omnibox,
          serial_shops, nicolae_shop_trees

Skill      XL: |  1  2  3  4  5  6  7  8  9 10 11 12 13 14 15 16 17 18 19 |
---------------+----------------------------------------------------------+-----
Ice Magic      | 4 5 6 8 9 10 | 10.2
Fighting       | 1 2 3 5 6 8 9 10 11 | 11.8
Spellcasting   | 3 4 5 6 7 8 9 10 | 10.8
Conjurations   | 1 3 5 7 9 10 | 10.9
Evocations     | 2 4 6 |  6.0
Long Blades    | 2 5 7 8 11 | 11.7
Dodging        | 3 4 5 7 |  7.4
Armour         | 2 5 6 9 10 12 | 12.2
Translocations | 3 6 |  6.0
Shields        | 1 5 6 |  6.1
Earth Magic    | 8 |  8.5
Hexes          | 7 8 |  8.5
Transmutations | 4 5 |  5.7
Air Magic      | 3 |  3.4
Stealth        | |  1.7

Action                   |  1- 3 |  4- 6 |  7- 9 | 10-12 | 13-15 | 16-18 | 19-21 || total
-------------------------+-------+-------+-------+-------+-------+-------+-------++-------
Melee: Unarmed           |     3 |       |       |       |       |       |       ||     3
       Short sword       |    22 |    32 |       |       |       |       |       ||    54
       Punch             |     2 |     1 |     2 |     7 |     1 |       |       ||    13
       Dagger            |    19 |    87 |       |       |       |       |       ||   106
       Kick              |       |    26 |    73 |   148 |   235 |   340 |   110 ||   932
       Falchion          |       |    13 |   187 |   365 |   467 |   644 |   155 ||  1831
 Cast: Freeze            |    27 |     7 |     1 |       |       |       |     1 ||    36
       Frozen Ramparts   |     2 |     9 |    19 |    41 |    27 |    29 |     9 ||   136
       Ozocubu's Armour  |       |     8 |    18 |    32 |    30 |    32 |    14 ||   134
       Hailstorm         |       |       |     5 |    74 |    70 |    67 |    16 ||   232
       Iskenderun's Myst |       |       |       |     7 |    37 |    31 |     8 ||    83
       Lee's Rapid Decon |       |       |       |       |       |    14 |     2 ||    16
       Petrify           |       |       |       |       |       |     3 |       ||     3
       Freezing Cloud    |       |       |       |       |       |       |     7 ||     7
       Irradiate         |       |       |       |       |       |       |     4 ||     4
       Cause Fear        |       |       |       |       |       |       |     2 ||     2
Invok: Curse Item        |       |       |     2 |     2 |     9 |     1 |     2 ||    16
       Shatter the Chain |       |       |       |     2 |     3 |     1 |     3 ||     9
Evoke: Wand              |       |       |       |     2 |     2 |       |       ||     4
  Use: Scroll            |       |     2 |     5 |     1 |     1 |     3 |    10 ||    22
       Potion            |       |     2 |     3 |       |     3 |     6 |     4 ||    18
 Stab: Sleeping          |     3 |     4 |     7 |     5 |       |     4 |       ||    23
       Distracted        |       |       |     1 |       |     1 |     1 |       ||     3
       Invisible         |       |       |       |       |       |    11 |       ||    11
       Fleeing           |       |       |       |       |       |       |     1 ||     1
Armor: Robe              |     9 |     9 |     7 |       |       |       |       ||    25
       Leather armour    |       |    29 |    96 |   116 |       |       |       ||   241
       Skin              |       |     6 |       |     2 |       |       |       ||     8
       Ring mail         |       |     9 |     4 |       |       |       |       ||    13
       Ice dragon scales |       |       |       |    68 |       |       |    86 ||   154
       Scale mail        |       |       |       |     5 |   188 |   302 |     8 ||   503
Dodge: Dodged            |    39 |    89 |   171 |   255 |   242 |   497 |   111 ||  1404
Block: Other             |       |       |       |    46 |     9 |       |       ||    55
       Reflection        |       |       |       |     1 |     5 |       |     3 ||     9
       Buckler           |       |       |       |       |   250 |   351 |    24 ||   625
       Kite shield       |       |       |       |       |       |       |    85 ||    85
